 Dungeon Crawl Stone Soup version 0.22-b1-59-g0aedee7 (webtiles) character file.

263 nicolaieve the Cudgeler (level 5, -1/67 HPs)
             Began as a Minotaur Berserker on Aug 9, 2018.
             Was a Believer of Trog.
             Slain by a killer bee (5 damage)
             ... on level 3 of the Dungeon.
             The game lasted 00:10:32 (2879 turns).

nicolaieve the Cudgeler (Minotaur Berserker)        Turns: 2879, Time: 00:10:33

Health: -1/67      AC:  7    Str: 26    XL:     5   Next: 98%
Magic:  4/4        EV:  8    Int:  4    God:    Trog [**....]
Gold:   90         SH: 10    Dex: 11    Spells: 4/4 levels left

rFire    . . .     SeeInvis .   a - +0 mace
rCold    . . .     Gourm    .   n - +0 shield (curse)
rNeg     . . .     Faith    .   y - +0 scale mail
rPois    .         Spirit   .   (helmet restricted)
rElec    .         Reflect  .   t - +0 cloak
rCorr    .         Harm     .   (no gloves)
MR       .....                  (no boots)
Stlth    ..........             (no amulet)
HPRegen  0.21/turn              (no ring)
MPRegen  0.09/turn              (no ring)

@: berserking, lethally poisoned (-1 -> -4), very quick
A: retaliatory headbutt, horns 2
a: Berserk, Trog's Hand, Renounce Religion


You were on level 3 of the Dungeon.
You worshipped Trog.
Trog was pleased with you.
You were very hungry.

You visited 1 branch of the dungeon, and saw 4 of its levels.

You collected 90 gold pieces.

Inventory:

Hand Weapons
 a - a +0 mace (weapon)
Armour
 n - a cursed +0 shield (worn)
 t - a +0 cloak (worn)
 y - a +0 scale mail (worn)
Jewellery
 p - a +1 ring of evasion {unknown}
 v - an uncursed ring of positive energy {unknown}
Wands
 x - a wand of polymorph (4)
Scrolls
 d - 3 scrolls of teleportation {unknown}
 f - 3 scrolls of amnesia {unknown}
 i - a scroll of enchant armour {unknown}
 k - 4 scrolls of remove curse {unknown}
 l - 2 scrolls of identify {unknown}
 r - 2 scrolls of immolation {unknown}
Potions
 e - 2 potions of ambrosia {unknown}
 h - a potion of berserk rage {unknown}
 j - a potion of haste {unknown}
 m - a potion of curing {unknown}
 o - 2 potions of heal wounds {unknown}
 q - a potion of resistance {unknown}
 s - 2 potions of magic {unknown}
 u - a potion of agility {unknown}
 w - a potion of cancellation {unknown}
Comestibles
 c - 7 rations


   Skills:
 - Level 3.6 Fighting
 + Level 7.2 Maces & Flails
 - Level 2.4 Armour
 - Level 2.1 Dodging
 * Level 3.4 Shields


You had 4 spell levels left.
You didn't know any spells.
Your spell library was empty.

Dungeon Overview and Level Annotations

Branches:
Dungeon (4/15)
 Temple: D:4-7

Altars:
Ru


Innate Abilities, Weirdness & Mutations

You reflexively headbutt those who attack you in melee.
You have a pair of horns on your head.


Message History

You feel yourself moving faster!
You feel mighty!
You are feeling hungry.
You feel sick. The killer bee stings you.
* * * LOW HITPOINT WARNING * * *
The killer bee stings you but does no damage.
You closely miss the killer bee. You block the killer bee's attack.
You miss the killer bee.
You feel sick.
The killer bee stings you but does no damage.
The killer bee stings you.
* * * LOW HITPOINT WARNING * * *
You are feeling very hungry.
You sock the killer bee!
The killer bee is severely wounded.
You block the killer bee's attack.
You closely miss the killer bee.
The killer bee is severely wounded.
You feel sick. The killer bee stings you.
* * * LOW HITPOINT WARNING * * *
The killer bee stings you.
You die...

.........#.#......##....#
#######.##.#.<....##....# ##
#.##.#.#....##.#.## #.
#.##.#......##.#.# #.
#.##.####...##.#.# #.
#...........##.#.# #.
####.####..###.#.# #. #.#
#..###.#.#########.
#.####.@................
#.......y##.#.##.#######
################.....#.##.##
#............[....#..#.##.P#
#.#############...#..#.#..##
.........# #...#..#.#.##
#.######.# #...#..####.###
.......#.# #...#..##..^PP#
#.####.#.# #...#..##P.P.P#


You could see a killer bee.

Vanquished Creatures
  A howler monkey (D:4)
  Crazy Yiuf (D:2)
  Ijyb (D:3)
  Natasha (thrice) (D:2)
  A hound skeleton (D:4)
  Robin (D:2)
  2 adders (D:3)
  A worm (D:3)
  A dart slug (D:3)
  2 leopard geckos (D:3)
  An orc (D:3)
  5 bats
  10 goblins (D:2)
  8 hobgoblins
  2 kobolds
  A quokka (D:4)
  4 frilled lizards
  3 rats
48 creatures vanquished.

Notes
Turn   | Place    | Note
-------+----------+-------------------------------------------
     0 | D:1      | nicolaieve the Minotaur Berserker began the quest for the Orb.
     0 | D:1      | Reached XP level 1. HP: 19/19 MP: 0/0
   499 | D:1      | Reached skill level 4 in Maces & Flails
   871 | D:2      | Reached XP level 2. HP: 26/26 MP: 1/1
   877 | D:2      | Noticed Natasha
   883 | D:2      | Killed Natasha
   883 | D:2      | Reached skill level 5 in Maces & Flails
   883 | D:2      | Reached XP level 3. HP: 31/31 MP: 2/2
   971 | D:2      | Noticed Robin
   982 | D:2      | Killed Robin
   982 | D:2      | Reached skill level 1 in Shields
   983 | D:2      | Reached ** piety under Trog
  1138 | D:2      | Found a runed door.
  1152 | D:2      | Noticed Natasha
  1158 | D:2      | Killed Natasha
  1158 | D:2      | Reached XP level 4. HP: 26/39 MP: 3/3
  1381 | D:2      | Noticed Natasha
  1393 | D:2      | Killed Natasha
  1393 | D:2      | Reached skill level 6 in Maces & Flails
  1702 | D:2      | Noticed Crazy Yiuf
  1711 | D:2      | Killed Crazy Yiuf
  1711 | D:2      | Reached XP level 5. HP: 17/45 MP: 1/4
  2077 | D:3      | Found a sacrificial altar of Ru.
  2414 | D:3      | Noticed Ijyb
  2501 | D:3      | Killed Ijyb
  2862 | D:4      | Reached skill level 7 in Maces & Flails
  2879 | D:3      | Slain by a killer bee

Skill      XL: |  1  2  3  4  5 |
---------------+----------------+-----
Maces & Flails | 4 5 6 7 |  7.2
Shields        | 1 2 3 |  3.4
Fighting       | |  3.6
Armour         | |  2.4
Dodging        | |  2.1

Action                   |  1- 3 |  4- 6 || total
-------------------------+-------+-------++-------
Melee: Mace              |    40 |    82 ||   122
       Headbutt          |     5 |    15 ||    20
       Unarmed           |       |     7 ||     7
Invok: Berserk           |     2 |     3 ||     5
  Eat: Chunk             |     3 |     7 ||    10
Armor: Ring mail         |    18 |    21 ||    39
       Scale mail        |       |    14 ||    14
       Skin              |       |     4 ||     4
Dodge: Dodged            |    24 |    20 ||    44
Block: Shield            |    12 |    40 ||    52
